 Dungeon Crawl Stone Soup version 0.31-a0-345-g1ebeae05c6 (webtiles) character file.

Game seed: 13032032434916266195

70 LeprechaunX the Ruffian (level 4, 0/34 (43) HPs)
             Began as an Octopode Shapeshifter on July 22, 2023.
             Slain by Edmund
             ... wielding a +3 flail of draining
              (2 damage)
             ... on level 4 of the Dungeon.
             The game lasted 00:01:55 (2051 turns).

LeprechaunX the Ruffian (Octopode Shapeshifter)     Turns: 2051, Time: 00:01:56

HP:   0/34 (43)     AC: 22    Str: 16    XL:     4   Next: 22%
MP:   4/4           EV:  2    Int: 10    God:
Gold: 113           SH:  0    Dex: 12    Spells: 3/3 levels left

rFire   . . .        c - +2 dagger (speed)
rCold   . . .        (no shield)
rNeg    . . .        (helmet currently unavailable)
rPois   +            f - amulet of regeneration
rElec   .            j - ring of poison resistance
rCorr   .            n - ring of see invisible
SInv    +            (no ring)
Will    .....        (no ring)
Stlth   +            (no ring)
HPRegen 1.05/turn    (no ring)
MPRegen 0.09/turn    (no ring)
                     (no ring)

%: no passive effects
@: tree-form, heavily drained
A: stationary, stasis, torment immunity, boosted hp, almost no armour,
(amphibious), 8 rings, (camouflage 1), (gelatinous body 1), (nimble swimmer 1),
(tentacles)
a: no special abilities


You were on level 4 of the Dungeon.
You were a tree.
You visited 1 branch of the dungeon, and saw 4 of its levels.

You collected 168 gold pieces.
You spent 55 gold pieces at shops.

Inventory:

Hand Weapons
 c - a +2 dagger of speed (weapon)
Jewellery
 f - an amulet of regeneration (around neck)
 j - a ring of poison resistance (left branch)
 n - a ring of see invisible (right branch)
Talismans
 b - a beast talisman
 o - a serpent talisman
Scrolls
 d - 3 scrolls of teleportation {unknown}
 e - 3 scrolls of silence {unknown}
 h - a scroll of poison {unknown}
 i - 4 scrolls of identify {unknown}
 k - a scroll of torment {unknown}
 l - a scroll of immolation {unknown}
 q - a scroll of enchant weapon {unknown}
 r - a scroll of fog {unknown}
 u - a scroll of revelation {unknown}
Potions
 a - a potion of lignification
 g - 4 potions of curing {unknown}
 m - a potion of brilliance {unknown}
 p - 2 potions of might {unknown}
 s - a potion of enlightenment {unknown}
 t - a potion of heal wounds


   Skills:
 + Level 1.7 Fighting
 + Level 2.5 Dodging
 * Level 3.8 Unarmed Combat
 * Level 3.4 Shapeshifting


You had 3 spell levels left.
You didn't know any spells.
Your spell library contained the following spells:

 Spells                   Type           Power      Damage    Failure   Level
 Call Canine Familiar     Summ           0%         N/A       75%         3
 Portal Projectile        Hex/Tloc       0%         N/A       75%         3
 Leda's Liquefaction      Hex/Erth       0%         N/A       98%         4


Dungeon Overview and Level Annotations

Branches:
Dungeon (4/15)
 Temple: D:4-7

Altars:
Ashenzari
Nemelex Xobeh

Shops:
D:3 !

Annotations:
D:4 Edmund


Innate Abilities, Weirdness & Mutations

You are a tree.
Your roots penetrate the ground, keeping you stationary.
You cannot be teleported.
You are immune to unholy pain and torment.
Your maximum health is greatly increased.
You cannot wear most types of armour.
((You are amphibious.))
You can wear up to eight rings at the same time.
((Your skin changes colour to match your surroundings (Stealth+).))
((Your rubbery body absorbs attacks. (AC +1, EV +1)))
((You are camouflaged when in or above water. (Stealth+)))
((You have tentacles for arms and can constrict up to eight enemies at once.))


Message History

A goblin is nearby!
Found 7 stones.
You hit the goblin. You grab the goblin.
The goblin is severely wounded.
You constrict the goblin.
You kill the goblin!
No target in view!
No target in view!
Edmund the Younger comes into view.
He is wielding a +3 flail of draining.
Edmund shouts!
Things that are here:
a +0 dagger; a goblin corpse Edmund hits you with a +3 flail of draining!
You feel drained.
You hit Edmund. Your grab misses Edmund. You tentacle-slap Edmund.
Edmund is lightly wounded.
Edmund hits you with a +3 flail of draining!
You feel drained.
You are too injured to fight recklessly!
You are too injured to fight recklessly!
You hit Edmund but do no damage. You grab Edmund.
Edmund is lightly wounded.
You constrict Edmund, but do no damage.
Edmund hits you with a +3 flail of draining!
* * * LOW HITPOINT WARNING * * *
You feel drained.
You barely miss Edmund.
Edmund is lightly wounded.
You constrict Edmund, but do no damage.
Really quaff the potion of lignification?
Your transformation has ended.
You turn into a tree.
Your roots penetrate the ground.
You lose your grip on Edmund.
Edmund hits you but does no damage.
You feel drained.
You hit Edmund but do no damage.
Edmund is lightly wounded.
Edmund hits you with a +3 flail of draining.
* * * LOW HITPOINT WARNING * * *
You feel drained.
You die...

### ..# ##### #.#
#...# #@####...###
##.##♣##.......#
#.....)........#
...(...<##.......#
......######...###
####.# #.<.# #.
##.## # #.# #.#
#.#


You could see Edmund.

Vanquished Creatures
  2 adders
  4 dart slugs (D:1)
  6 bats
  3 giant cockroaches
  4 hobgoblins
  8 quokkas
  2 ball pythons
  A frilled lizard (D:1)
  4 goblins
  4 kobolds
  5 rats
43 creatures vanquished.

Notes
Turn   | Place    | Note
-------+----------+-------------------------------------------
     0 | D:1      | LeprechaunX the Octopode Shapeshifter began the quest for
                  | the Orb.
     0 | D:1      | Reached XP level 1. HP: 13/13 MP: 1/1
    15 | D:1      | You fall into a shaft and drop 1 floor!
    99 | D:1      | Reached XP level 2. HP: 18/18 MP: 2/2
   302 | D:1      | Reached XP level 3. HP: 23/23 MP: 3/3
   615 | D:2      | Found a faded altar of an unknown god.
   977 | D:2      | Found a sparkling altar of Nemelex Xobeh.
  1156 | D:3      | Found a broken altar of Ashenzari.
  1325 | D:3      | Found a faded altar of an unknown god.
  1372 | D:3      | Found Uqawn's Distillery.
  1380 | D:3      | Bought a potion of heal wounds for 55 gold pieces
  1524 | D:3      | Reached XP level 4. HP: 29/29 MP: 4/4
  2045 | D:4      | Noticed Edmund
  2051 | D:4      | Slain by Edmund

Illustrated notes

Levels and vault maps discovered:
D:1:      giann_wishing_wells, layout_rooms
D:2:      layout_loops_ring, ebering_ecumenical_altar_webs, basic_altar
D:3:      layout_loops_corners, mainiacjoe_overflow_paths,
          nicolae_overflow_ecumenical_swirl, serial_shops,
          nicolae_shop_hallway_stairs, roderic_roman_lattice, nicolae_titane
D:4:      layout_loops_corners, nicolae_ru_awakened_eye, lightli_temple_of_fire,
          lightli_ossuary_entry_decrepit_ruins, uniq_eustachio, uniq_edmund,
          uniq_blork_the_orc

Action                     |  1- 3 |  4- 6 || total
---------------------------+-------+-------++-------
  Melee: Unarmed           |     8 |       ||     8
         Constrict         |    17 |     5 ||    22
         Tentacles         |    10 |     1 ||    11
         Dagger            |    50 |    11 ||    61
         Punch             |       |     1 ||     1
    Use: Potion            |       |     1 ||     1
   Stab: Sleeping          |    10 |       ||    10
 Armour: Skin              |     6 |     1 ||     7
  Dodge: Dodged            |    22 |     3 ||    25

Table legend: (Time is in decaauts)
 A = Elapsed time spent in this place.
 B = Non-inter-level travel time spent in this place.
 C = Inter-level travel time spent in this place.
 D = Time resting spent in this place.
 E = Time spent auto-exploring this place.
 F = Levels seen in this place.
 G = Mean time per level.
                   A        B        C        D        E       F      G
               +--------+--------+--------+--------+--------+-----+--------+
         Total |   2028 |   1850 |    178 |      0 |   1606 |   4 |  507.0 |
       Dungeon |   2028 |   1850 |    178 |      0 |   1606 |   4 |  507.0 |
               +--------+--------+--------+--------+--------+-----+--------+

Top non-repeatable levels by time:
     D:3: 896 daAuts
     D:2: 643 daAuts
     D:1: 474 daAuts
     D:4: 13 daAuts
